 Dungeon Sprint DCSS version 0.26.1-2-gb8aa6d0cf2 (webtiles) character file.

Game seed: 11773600989938320863

546 Groucho the Unseen (level 7, -7/32 HPs)
             Began as a Spriggan Enchanter on Feb 17, 2021.
             Was a High Priest of Dithmenos.
             Killed by the air
             ... invoked by Gastronok
              (26 damage)
             ... in the Dungeon (Sprint VII: "The Pits").
             The game lasted 00:06:30 (2028 turns).

Groucho the Unseen (Spriggan Enchanter)             Turns: 2028, Time: 00:06:31

Health: -7/32      AC:  2    Str:  4    XL:     7   Next: 6%
Magic:  16/20      EV: 18    Int: 17    God:    Dithmenos [*****.]
Gold:   0          SH:  0    Dex: 18    Spells: 12/24 levels left

rFire    . . .     SeeInvis +   c - +2 dagger
rCold    . . .     Faith    .   (shield restricted)
rNeg     . . .     Spirit   .   b - +0 robe
rPois    .         Reflect  .   (helmet restricted)
rElec    .         Harm     .   (no cloak)
rCorr    .         Rampage  .   (gloves unavailable)
Will     +....     NoTele   +   (boots unavailable)
Stlth    ++++++++++             (no amulet)
HPRegen  0.10/turn              (no ring)
MPRegen  0.17/turn              (no ring)

@: confusing touch, wreathed by umbra, very quick
A: very small, unfitting armour, see invisible, speed 3
a: Renounce Religion, Shadow Step, Shadow Form


You were in the Dungeon.
You worshipped Dithmenos.
Dithmenos was extremely pleased with you.
You visited 1 branch

Inventory:

Hand Weapons
 c - a +2 dagger (weapon)
 l - a cursed +2 short sword of freezing
Missiles
 k - 10 stones
Armour
 b - a +0 robe (worn)
Scrolls
 i - a scroll of blinking
Potions
 d - 6 potions of curing
 e - 4 potions of heal wounds
 f - a potion of haste
 g - 4 potions of magic
 h - 2 potions of berserk rage
 j - 2 potions of invisibility


   Skills:
 - Level 1.1 Short Blades
 - Level 3.0 Dodging
 * Level 16.3 Stealth
 + Level 9.3 Spellcasting
 + Level 9.6 Hexes


You had 12 spell levels left.
You knew the following spells:

 Your Spells              Type           Power        Failure   Level
a - Corona                Hex            44%          1%          1
b - Ensorcelled Hibernat  Hex/Ice        48%          1%          2
c - Confusing Touch       Hex            40%          1%          3
d - Tukima's Dance        Hex            40%          1%          3
e - Dazzling Flash        Conj/Hex       48%          3%          3

Your spell library contained the following spells:

 Spells                   Type           Power        Failure   Level


Dungeon Overview and Level Annotations

Branches:
Dungeon (1/1)

Altars:
Ashenzari
Cheibriados
Dithmenos
Elyvilon
Fedhas
Gozag
Hepliaklqana
Kikubaaqudgha
Makhleb
Nemelex Xobeh
Okawaru
Qazlal
Ru
Sif Muna
Trog
Uskayaw
Vehumet
Wu Jian
Xom
Yredelemnul
Zin
The Shining One
Beogh
Jiyva
Lugonu

Annotations:
D Gastronok


Innate Abilities, Weirdness & Mutations

You are very small and have problems with some larger weapons.
You are too small for most types of armour.
You have supernaturally acute eyesight. (SInv)
You cover ground extremely quickly.


Message History

Gastronok's eyestalks quiver as he mumbles some strange words.
Gastronok puts on a burst of speed!
Unknown command.
You hit Gastronok but do no damage.
Gastronok is heavily wounded.
You hit Gastronok but do no damage.
Gastronok is heavily wounded.
Your shadow hits Gastronok but does no damage.
Gastronok closely misses you.
There is an open door here.
Casting: Confusing Touch (safe; 1% risk of failure)
Confirm with . or Enter, or press ? or * to list all spells.
Aiming: Ensorcelled Hibernation (safe; 1% risk of failure)
Press: ? - help, Shift-Dir - straight line, f - Gastronok
Aim: Gastronok, wearing a +1 hat (heavily wounded, covering ground quickly, chance to confuse on hit: 18%, umbra, chance to affect: 10%) Gastronok resists with almost no effort.
Gastronok waves his eye-stalks in wide circles.
The air twists around and strikes you!!
Ouch! That really hurt!
You die...

#)#..#[))).##.......#
#'###########.......#
#..รท....# #########
#..#.#..# #.##.##.#
#.......#+#
#.##.##)#w+
#..#.#.)#'#
#.......@.#
###########


You could see Gastronok (swift).

Vanquished Creatures
  A necrophage (D)
  A scorpion (D)
  9 wights (D)
  A worker ant (D)
  2 gnolls (D)
  An ooze (D)
  A goblin (D)
  A hobgoblin (D)
  2 ball pythons (D)
  A ball python zombie (D)
  A jackal skeleton (D)
  A kobold (D)
  A rat (D)
23 creatures vanquished.

Notes
Turn   | Place    | Note
-------+----------+-------------------------------------------
     0 | D        | Groucho the Spriggan Enchanter began the quest for the Orb.
     0 | D        | Reached XP level 1. HP: 9/9 MP: 5/5
    12 | D        | Reached skill level 7 in Stealth
    12 | D        | Reached XP level 2. HP: 13/13 MP: 7/7
   356 | D        | Found a bloodstained altar of Trog.
   356 | D        | Found a shimmering blue altar of Sif Muna.
   356 | D        | Found a viscous altar of Jiyva.
   356 | D        | Found a hazy altar of Hepliaklqana.
   356 | D        | Found an opulent altar of Gozag.
   357 | D        | Found a glowing golden altar of the Shining One.
   357 | D        | Found a glowing silver altar of Zin.
   357 | D        | Found a basalt altar of Yredelemnul.
   357 | D        | Found a shimmering altar of Xom.
   357 | D        | Found an ornate altar of the Wu Jian Council.
   357 | D        | Found a sacrificial altar of Ru.
   357 | D        | Found a stormy altar of Qazlal.
   357 | D        | Found an iron altar of Okawaru.
   357 | D        | Found a sparkling altar of Nemelex Xobeh.
   357 | D        | Found a burning altar of Makhleb.
   357 | D        | Found a blossoming altar of Fedhas.
   357 | D        | Found a white marble altar of Elyvilon.
   357 | D        | Found a shadowy altar of Dithmenos.
   357 | D        | Found a snail-covered altar of Cheibriados.
   358 | D        | Found a radiant altar of Vehumet.
   358 | D        | Found a corrupted altar of Lugonu.
   358 | D        | Found a roughly hewn altar of Beogh.
   359 | D        | Found an ancient bone altar of Kikubaaqudgha.
   359 | D        | Found a hide-covered altar of Uskayaw.
   359 | D        | Found a broken altar of Ashenzari.
   366 | D        | Became a worshipper of Dithmenos the Shadowed
   395 | D        | Learned a level 2 spell: Ensorcelled Hibernation
   402 | D        | Reached skill level 8 in Stealth
   411 | D        | Reached * piety under Dithmenos
   415 | D        | Reached skill level 9 in Stealth
   415 | D        | Reached skill level 5 in Hexes
   415 | D        | Reached XP level 3. HP: 16/16 MP: 8/10
   422 | D        | Reached ** piety under Dithmenos
  1063 | D        | Noticed a necrophage
  1069 | D        | Learned a level 3 spell: Confusing Touch
  1085 | D        | Reached skill level 11 in Stealth
  1085 | D        | Reached skill level 5 in Spellcasting
  1085 | D        | Reached XP level 4. HP: 16/21 MP: 8/12
  1391 | D        | Reached *** piety under Dithmenos
  1392 | D        | Reached skill level 12 in Stealth
  1392 | D        | Reached XP level 5. HP: 24/24 MP: 11/15
  1411 | D        | Killed a necrophage
  1412 | D        | Reached skill level 14 in Stealth
  1607 | D        | Learned a level 3 spell: Tukima's Dance
  1611 | D        | Learned a level 3 spell: Dazzling Flash
  1634 | D        | Reached XP level 6. HP: 28/28 MP: 12/17
  1646 | D        | Reached **** piety under Dithmenos
  1647 | D        | Reached skill level 15 in Stealth
  1712 | D        | Reached skill level 16 in Stealth
  1716 | D        | Reached ***** piety under Dithmenos
  2008 | D        | Reached XP level 7. HP: 32/32 MP: 20/20
  2017 | D        | Noticed Gastronok
  2028 | D        | Killed from afar by Gastronok

Illustrated notes

Levels and vault maps discovered:
D:        pitsprint [storerooms_1, entrance_room_1, metal_vault_8, armoury_2,
          mini_pit_1, grid_room_1, main_hall_1, silver_pit, the_coven_3,
          the_vestibule_1, steel_vault_3, golden_pit, hallway_of_sentries,
          crystal_vault_1, iron_vault_4, final_vault]

Skill      XL: |  1  2  3  4  5  6 |
---------------+-------------------+-----
Stealth        | 7 9 11 12 14 16 | 16.3
Spellcasting   | 3 4 5 6 7 9 |  9.3
Hexes          | 5 6 7 8 9 |  9.6
Short Blades   | |  1.1
Dodging        | |  3.0

Action                   |  1- 3 |  4- 6 |  7- 9 || total
-------------------------+-------+-------+-------++-------
Melee: Dagger            |    25 |    67 |     8 ||   100
 Cast: Ensorcelled Hiber |     2 |     2 |     1 ||     5
       Confusing Touch   |     1 |     9 |     1 ||    11
       Corona            |       |     1 |       ||     1
Invok: Shadow Step       |     1 |       |       ||     1
  Use: Potion            |     1 |     2 |       ||     3
 Stab: Sleeping          |     6 |     3 |     2 ||    11
       Confused          |     1 |     9 |       ||    10
Armor: Robe              |       |     1 |       ||     1
Dodge: Dodged            |    12 |    33 |     2 ||    47
